 Dungeon Crawl Stone Soup version 0.19.1 (webtiles) character file.

1347 dvd the Gusty (level 8, 0/50 HPs)
             Began as a High Elf Air Elementalist on Dec 27, 2016.
             Slain by a sky beast (6 damage)
             ... on level 5 of the Dungeon on Dec 28, 2016.
             The game lasted 00:23:00 (5798 turns).

dvd the Gusty (High Elf Air Elementalist)           Turns: 5798, Time: 00:23:00

Health: 0/50       AC:  5    Str:  8    XL:     8   Next: 36%
Magic:  18/18      EV: 15    Int: 19    God:
Gold:   283        SH:  0    Dex: 22    Spells: 4 memorised, 9 levels left

rFire  . . .     SeeInvis .     a - +1 short sword
rCold  . . .     Gourm    .     j - +0 robe
rNeg   . . .     Faith    .     (no shield)
rPois  .         Spirit   .     w - +0 helmet
rElec  .         Reflect  .     (no cloak)
rCorr  .         Harm     .     B - +1 pair of gloves
MR     .....                    (no boots)
Stlth  +++.......               o - amulet of regeneration
                                (no ring)
                                y - +5 ring of dexterity

@: repel missiles
A: no striking features
a: no special abilities


You were on level 5 of the Dungeon.
You were hungry.

You visited 2 branches of the dungeon, and saw 7 of its levels.

You collected 283 gold pieces.

Inventory:

Hand Weapons
 a - a +1 short sword (weapon)
 h - a +0 dagger
Armour
 j - a +0 robe (worn)
 k - a +0 ring mail
 u - a +2 chain mail of cold resistance
 w - a +0 helmet (worn)
 B - a +1 pair of gloves (worn)
Jewellery
 o - an amulet of regeneration (around neck)
 v - an uncursed amulet of rage
 y - a +5 ring of dexterity (left hand)
Wands
 i - a wand of flame (17/48)
 E - a wand of lightning (15/15)
Scrolls
 d - 4 scrolls of remove curse
 f - a scroll of teleportation
 p - 2 scrolls of enchant armour
 r - a scroll of fog
 D - a scroll of fear
Potions
 g - 2 potions of curing {unknown}
 l - a potion of might {unknown}
 q - a potion of flight {unknown}
 s - 2 potions of degeneration {unknown}
 A - a potion of agility
Books
 b - a book of Air

   Spells                             Type                      Level
   a - Shock                          Conjuration/Air              1
   b - Swiftness                      Charms/Air                   2
   c - Repel Missiles                 Charms/Air                   2
   d - Static Discharge               Conjuration/Air              3
   e - Lightning Bolt                 Conjuration/Air              5
Comestibles
 c - 5 bread rations
 n - 7 fruits
 t - 2 beef jerkies
 z - 5 meat rations


   Skills:
 + Level 2.0 Fighting
 + Level 2.5 Short Blades
 + Level 0.6 Armour
 + Level 3.5 Dodging
 + Level 3.8 Stealth
 + Level 6.5 Spellcasting
 + Level 4.4 Conjurations
 + Level 0.2 Charms
 + Level 7.4 Air Magic


You had 9 spell levels left.
You knew the following spells:

 Your Spells              Type           Power        Failure   Level  Hunger
a - Shock                 Conj/Air       ####         1%          1    None
b - Repel Missiles        Chrm/Air       ###...       3%          2    None
c - Static Discharge      Conj/Air       ####....     2%          3    ##.....
d - Lightning Bolt        Conj/Air       ####......   28%         5    #####..


Dungeon Overview and Level Annotations

Branches:
Dungeon (6/15)             Temple (1/1) D:6

Altars:
Ashenzari
Cheibriados
Dithmenos
Elyvilon
Fedhas
Gozag
Hepliaklqana
Kikubaaqudgha
Makhleb
Nemelex Xobeh
Ru
Sif Muna
Trog
Uskayaw
Xom
Yredelemnul
Zin

Annotations:
D:4 Eustachio


Message History

The sky beast barely misses you.
You miss the sky beast.
The sky beast is severely wounded.
The sky beast hits you. The sky beast shocks you.
You closely miss the sky beast.
The sky beast is severely wounded.
The sky beast barely misses you.
You hit the sky beast.
The sky beast is almost dead.
The sky beast hits you.
* * * LOW HITPOINT WARNING * * *
The sky beast shocks you.
* * * LOW HITPOINT WARNING * * *
Unknown command.
You hit the sky beast but do no damage.
The sky beast is almost dead.
The sky beast hits you.
* * * LOW HITPOINT WARNING * * *
The sky beast shocks you.
You die...

........#####.......#........
.........# #......#+#....#...
.........# #...........#.....
#........###.........#.###.##
.?.........................##
............................#
.............##.......#####.#
..#.##.......##.......# #
..#. #...≈.Y@##.......# #
#.......##.......# #.......#
##. #########


You could see a sky beast.

Vanquished Creatures
  Grinder (D:3)
  The ghost of Ladykiller69 the Ducker, an amateur FeWr (D:4)
  An orc warrior (D:4)
  A necrophage (D:5)
  2 ogres (D:4)
  A centaur (D:5)
  A howler monkey (D:4)
  3 hounds
  A gnoll shaman (D:5)
  2 orc priests (D:5)
  2 orc wizards (D:4)
  Jessica (D:3)
  An iguana (D:4)
  Terence (D:3)
  2 worker ants (D:5)
  11 adders
  5 gnolls
  An adder skeleton (D:4)
  3 worms
  6 dart slugs
  3 leopard geckos
  3 orcs
  A ball python (D:3)
  A giant cockroach (D:1)
  10 goblins
  9 hobgoblins
  3 quokkas
  5 bats
  4 frilled lizards
  12 kobolds
  6 rats
104 creatures vanquished.

Notes
Turn   | Place    | Note
-------+----------+-------------------------------------------
     0 | D:1      | dvd the High Elf Air Elementalist began the quest for the Orb.
     0 | D:1      | Reached XP level 1. HP: 11/11 MP: 4/4
   127 | D:1      | Reached XP level 2. HP: 15/17 MP: 0/6
   253 | D:1      | Learned a level 2 spell: Repel Missiles
   314 | D:1      | Reached skill level 4 in Air Magic
   933 | D:2      | Reached XP level 3. HP: 21/21 MP: 0/8
  1006 | D:2      | Learned a level 3 spell: Static Discharge
  1451 | D:2      | Reached skill level 1 in Short Blades
  1451 | D:2      | Reached XP level 4. HP: 27/27 MP: 4/9
  1554 | D:2      | Found a sparkling altar of Nemelex Xobeh.
  2070 | D:3      | Reached skill level 5 in Air Magic
  2159 | D:3      | Noticed Grinder
  2168 | D:3      | Paralysed by Grinder for 3 turns
  2188 | D:3      | Paralysed by Grinder for 6 turns
  2397 | D:3      | Noticed Terence
  2406 | D:3      | Killed Terence
  2406 | D:3      | Reached XP level 5. HP: 25/32 MP: 1/11
  2610 | D:3      | You fall through a shaft for 3 floors!
  2619 | D:5      | Entered Level 5 of the Dungeon
  2775 | D:4      | Noticed Ladykiller69's ghost (amateur FeWr)
  2787 | D:4      | Killed Ladykiller69's ghost
  2787 | D:4      | Reached skill level 1 in Fighting
  2787 | D:4      | Reached XP level 6. HP: 26/38 MP: 2/13
  3164 | D:4      | Learned a level 5 spell: Lightning Bolt
  3190 | D:4      | Reached skill level 6 in Air Magic
  3319 | D:4      | Noticed an orc warrior
  3334 | D:4      | Reached XP level 7. HP: 35/43 MP: 5/15
  3423 | D:4      | Reached skill level 5 in Spellcasting
  3617 | D:4      | Noticed Eustachio
  3772 | D:3      | You fall through a shaft for 3 floors!
  3774 | D:6      | Found a staircase to the Ecumenical Temple.
  3779 | Temple   | Entered the Ecumenical Temple
  4762 | D:5      | Reached skill level 7 in Air Magic
  4762 | D:5      | Reached XP level 8. HP: 48/48 MP: 9/18
  5298 | D:3      | Noticed Jessica
  5301 | D:3      | Killed Jessica
  5415 | D:3      | Killed Grinder
  5798 | D:5      | Slain by a sky beast

Skill      XL: |  1  2  3  4  5  6  7  8 |
---------------+-------------------------+-----
Air Magic      | 4 5 6 7 |  7.4
Spellcasting   | 3 4 6 |  6.5
Short Blades   | 1 2 |  2.5
Conjurations   | 2 3 4 |  4.4
Fighting       | 1 2 |  2.0
Stealth        | 3 |  3.8
Dodging        | 3 |  3.5
Armour         | |  0.6
Charms         | |  0.2

Action                   |  1- 3 |  4- 6 |  7- 9 || total
-------------------------+-------+-------+-------++-------
Melee: Short sword       |    18 |    33 |    91 ||   142
 Cast: Shock             |    67 |    89 |    86 ||   242
       Repel Missiles    |     1 |       |     2 ||     3
       Static Discharge  |       |    11 |    21 ||    32
       Lightning Bolt    |       |       |     1 ||     1
  Use: Scroll            |       |     1 |    14 ||    15
 Stab: Sleeping          |       |       |     2 ||     2
  Eat: Chunk             |     2 |     6 |     7 ||    15
       Pizza             |       |       |     1 ||     1
Armor: Robe              |     3 |     3 |    38 ||    44
       Chain mail        |       |    10 |       ||    10
Dodge: Dodged            |    19 |    24 |   140 ||   183
       Deflected         |       |     1 |     6 ||     7
